Tampa Bay Lightning vs Hartford Whalers
Created - Monday, April 22, 2024 at 09:11
Goals
|
| Tampa Bay Lightning |
0 |
1 |
0 |
1 |
| Hartford Whalers |
0 |
2 |
3 |
5 |
|
Shots
|
| Tampa Bay Lightning |
13 |
10 |
8 |
31 |
| Hartford Whalers |
8 |
11 |
20 |
39 |
|
1st period
No Goal
Penalties :
Alexander Wennberg (HFD) for Hooking (Minor) at 14:26
2nd period
1. Hartford Whalers , Alexis Lafreniere 13 (Andre Burakovsky 24, Olli Maatta 6) at 11:32 (PP)
2. Tampa Bay Lightning , Johnny Gaudreau 28 (Anze Kopitar 39, Kirill Kaprizov 21) at 11:47
3. Hartford Whalers , Marcus Foligno 3 (Mike Hoffman 11, Thomas Chabot 21) at 17:14
Penalties :
T.J. Oshie (HFD) for Fighting (Major) at 0:15, Dylan Cozens (TBL) for Fighting (Major) at 0:15, Hampus Lindholm (TBL) for Hooking (Minor) at 1:53, Darnell Nurse (TBL) for Charging (Minor) at 10:58
3rd period
4. Hartford Whalers , Josh Anderson 10 (Eetu Luostarinen 10, Olli Maatta 7) at 12:17
5. Hartford Whalers , Eetu Luostarinen 14 (Casey Cizikas 14, Andre Burakovsky 25) at 12:52
6. Hartford Whalers , Nikita Zaitsev 2 (Alexis Lafreniere 18, Joshua Norris 19) at 14:08 (PP)
Penalties :
Nikita Zaitsev (HFD) for Tripping (Minor) at 7:11, Travis Konecny (TBL) for Interference (Minor) at 13:33, Darnell Nurse (TBL) for Holding (Minor) at 18:39
Goalie Stats
Filip Gustavsson (TBL), 34 saves from 39 shots - (0.872), L, 29-12-2, 60:00 minutes
Semyon Varlamov (HFD), 30 saves from 31 shots - (0.968), W, 19-26-3, 60:00 minutes
Players Stats for Tampa Bay Lightning
Player Name G A P +/- PIM S H SB GA TA FO MP PP MP PK MP
------------------------------------------------------------------------------------
Anze Kopitar 0 1 1 1 0 5 2 1 0 2 21/35 21:13 1:56 1:02
Blake Lizotte 0 0 0 -1 0 0 0 0 0 0 0/2 8:14 0:00 0:13
Darnell Nurse 0 0 0 -1 4 1 1 3 1 1 0/0 25:13 1:35 1:14
Dylan Cozens 0 0 0 -1 5 2 1 0 1 0 2/2 15:54 0:20 1:11
Gustav Nyquist 0 0 0 -1 0 0 2 0 1 0 0/0 10:05 0:00 2:17
Hampus Lindholm 0 0 0 0 2 1 3 1 0 1 0/0 25:50 1:35 1:13
Johnny Gaudreau 1 0 1 1 0 6 1 0 0 0 1/1 20:34 2:02 0:00
Kirill Kaprizov 0 1 1 1 0 8 0 0 2 0 0/1 21:08 1:56 0:02
Logan Couture 0 0 0 -1 0 1 1 0 1 1 9/19 19:12 1:56 2:02
Michael Matheson 0 0 0 -2 0 0 1 2 1 0 0/0 14:12 0:00 0:02
Moritz Seider 0 0 0 0 0 1 4 0 0 2 0/0 18:47 2:23 1:59
Roope Hintz 0 0 0 -1 0 2 2 0 0 0 0/0 11:46 1:56 0:00
Ryan Graves 0 0 0 -2 0 0 0 2 0 1 0/0 18:32 2:23 1:59
Tomas Hertl 0 0 0 -1 0 0 2 1 0 0 3/6 9:50 0:00 0:00
Travis Konecny 0 0 0 -1 2 0 2 0 0 0 0/1 17:01 1:48 0:00
Trevor Moore 0 0 0 -1 0 1 1 0 0 0 0/0 10:19 0:00 2:09
Tyler Toffoli 0 0 0 -1 0 2 1 0 0 0 1/1 9:50 0:00 0:00
Vladislav Gavrikov 0 0 0 1 0 1 2 0 0 1 0/0 17:47 0:00 2:29
Players Stats for Hartford Whalers
Player Name G A P +/- PIM S H SB GA TA FO MP PP MP PK MP
------------------------------------------------------------------------------------
Alexander Wennberg 0 0 0 -1 2 5 1 0 0 1 19/35 20:18 2:07 0:54
Alexis Lafreniere 1 1 2 0 0 2 3 1 1 0 1/1 18:30 2:24 0:29
Andre Burakovsky 0 2 2 0 0 4 3 0 1 0 0/0 18:20 2:28 0:00
Casey Cizikas 0 1 1 2 0 2 1 0 0 0 6/17 13:49 0:12 2:13
Eetu Luostarinen 1 1 2 2 0 2 1 1 0 1 1/1 13:37 0:00 2:13
Erik Cernak 0 0 0 0 0 1 1 0 0 0 0/0 21:35 0:00 2:26
Jaccob Slavin 0 0 0 1 0 0 0 2 1 1 0/0 21:55 2:10 1:32
Joel Edmundson 0 0 0 0 0 1 1 2 0 2 0/0 21:35 0:00 2:26
Josh Anderson 1 0 1 2 0 5 4 1 1 0 0/0 14:13 0:41 1:52
Joshua Norris 0 1 1 0 0 2 2 0 1 0 3/11 17:28 2:09 0:15
Marcus Foligno 1 0 1 1 0 1 2 0 0 0 0/0 8:05 0:13 0:00
Mike Hoffman 0 1 1 1 0 0 0 0 1 0 0/0 7:48 0:00 0:00
Nikita Zaitsev 1 0 1 1 2 2 1 1 0 1 0/0 16:35 2:18 0:51
Olli Maatta 0 2 2 1 0 1 1 0 0 1 0/0 15:44 2:18 0:00
Ryan Strome 0 0 0 1 0 1 1 0 1 0 1/2 7:48 0:00 0:00
T.J. Oshie 0 0 0 -1 5 7 1 2 0 0 0/1 17:29 1:04 0:00
Taylor Hall 0 0 0 -1 0 3 2 1 2 0 0/0 19:20 2:06 0:00
Thomas Chabot 0 1 1 1 0 0 0 1 0 0 0/0 21:50 2:10 0:41
3 Stars
1 - Eetu Luostarinen (HFD)
2 - Semyon Varlamov (HFD)
3 - Josh Anderson (HFD)
Power Play
Tampa Bay Lightning - 0 on 2 Attempt(s) - 0.00%
Hartford Whalers - 2 on 4 Attempt(s) - 50.00%
Penalty Kill
Tampa Bay Lightning - 2 on 4 Attempt(s) - 50.00%
- Score 0 goal in Penalty Kill
Hartford Whalers - 2 on 2 Attempt(s) - 100.00%
- Score 0 goal in Penalty Kill
Team Stat
Tampa Bay Lightning - Hits : 26 - Faceoff Wins : 37 - Blocked Shots : 10 - Penalty Minutes : 13
Hartford Whalers - Hits : 25 - Faceoff Wins : 31 - Blocked Shots : 12 - Penalty Minutes : 9
Official
Referees : Mark Lemelin and Kendrick Nicholson
Linesman : Steve Miller and Thor Nelson
Game Notes
T.J. Oshie and Dylan Cozens fight to a draw at 0:15 of 2nd period
Finance
Level 1 -- Attendance: 6389 (63.89%) -- Ticket Income $575,010
Level 2 -- Attendance: 4512 (90.24%) -- Ticket Income $248,160
Level 3 -- Attendance: 2985 (99.50%) -- Ticket Income $89,550
Level 4 -- Attendance: 5000 (100.00%) -- Ticket Income $100,000
Luxury Box -- Attendance: 950 (95.00%) -- Ticket Income $180,500
Game was played at the Hartford Civic Center.
Total Attendance: 19836 (82.65%)
Total Ticket Income: $1,193,220
Other Income: $417,627
Total Income: $1,610,847
Tampa Bay Lightning
5 vs 5 Forward
Center Left Wing Right Wing Time % Phy DF OF
1 Anze Kopitar Johnny Gaudreau Kirill Kaprizov 40 1 2 2
2 Logan Couture Dylan Cozens Travis Konecny 35 1 2 2
3 Tomas Hertl Roope Hintz Tyler Toffoli 20 1 2 2
4 Blake Lizotte Trevor Moore Gustav Nyquist 5 1 2 2
5 vs 5 Defense
Defense Defense Time % Phy DF OF
1 Darnell Nurse Moritz Seider 30 1 2 2
2 Vladislav Gavrikov Hampus Lindholm 30 1 2 2
3 Michael Matheson Ryan Graves 25 1 2 2
4 Darnell Nurse Hampus Lindholm 15 1 2 2
PowerPlay Forward
Center Left Wing Right Wing Time % Phy DF OF
1 Logan Couture Johnny Gaudreau Travis Konecny 50 1 0 4
2 Anze Kopitar Roope Hintz Kirill Kaprizov 50 1 0 4
PowerPlay Defense
Defense Defense Time % Phy DF OF
1 Moritz Seider Ryan Graves 50 1 2 2
2 Darnell Nurse Hampus Lindholm 50 1 2 2
Penalty Kill 4 Players Forward
Center Wing Time % Phy DF OF
1 Logan Couture Gustav Nyquist 50 1 2 2
2 Dylan Cozens Trevor Moore 50 1 2 2
Penalty Kill 4 Players Defense
Defense Defense Time % Phy DF OF
1 Vladislav Gavrikov Darnell Nurse 50 1 2 2
2 Ryan Graves Moritz Seider 50 1 2 2
Penalty Kill - 3 Players Forward
Forward Time % Phy DF OF
1 Anze Kopitar 50 1 2 2
2 Logan Couture 50 1 2 2
Penalty Kill - 3 Players Defense
Defense Defense Time % Phy DF OF
1 Vladislav Gavrikov Darnell Nurse 50 1 2 2
2 Ryan Graves Moritz Seider 50 1 2 2
4 vs 4 Forward
Center Wing Time % Phy DF OF
1 Anze Kopitar Dylan Cozens 50 1 2 2
2 Logan Couture Tomas Hertl 50 1 2 2
4 vs 4 Defense
Defense Defense Time % Phy DF OF
1 Darnell Nurse Hampus Lindholm 50 1 2 2
2 Moritz Seider Vladislav Gavrikov 50 1 2 2
Last Minutes Offensive
Center Left Wing Right Wing Defense Defense
Anze Kopitar Kirill Kaprizov Travis Konecny Darnell Nurse Hampus Lindholm
Last Minutes Defensive
Center Left Wing Right Wing Defense Defense
Anze Kopitar Kirill Kaprizov Travis Konecny Darnell Nurse Hampus Lindholm
Goaltenders
Starting : Filip Gustavsson
Backup : Jeremy Swayman
Extra Forwards
Normal : Dylan Cozens, Trevor Moore, Roope Hintz - PP : Dylan Cozens, Tyler Toffoli - PK : Anze Kopitar
Extra Defensemen
Normal : Moritz Seider, Darnell Nurse, Vladislav Gavrikov - PP : Ryan Graves - PK : Hampus Lindholm, Darnell Nurse
Penalty Shots
Gustav Nyquist, Kirill Kaprizov, Logan Couture, Trevor Moore, Anze Kopitar
Hartford Whalers
5 vs 5 Forward
Center Left Wing Right Wing Time % Phy DF OF
1 Alexander Wennberg Taylor Hall T.J. Oshie 35 0 3 2
2 Joshua Norris Andre Burakovsky Alexis Lafreniere 30 0 3 2
3 Casey Cizikas Eetu Luostarinen Josh Anderson 25 0 3 2
4 Ryan Strome Mike Hoffman Marcus Foligno 10 0 3 2
5 vs 5 Defense
Defense Defense Time % Phy DF OF
1 Jaccob Slavin Thomas Chabot 38 1 2 2
2 Joel Edmundson Erik Cernak 37 1 3 1
3 Olli Maatta Nikita Zaitsev 25 1 2 2
4 Jaccob Slavin Thomas Chabot 0 1 2 2
PowerPlay Forward
Center Left Wing Right Wing Time % Phy DF OF
1 Alexander Wennberg Taylor Hall T.J. Oshie 50 0 1 4
2 Joshua Norris Andre Burakovsky Alexis Lafreniere 50 0 1 4
PowerPlay Defense
Defense Defense Time % Phy DF OF
1 Thomas Chabot Jaccob Slavin 50 0 2 3
2 Olli Maatta Nikita Zaitsev 50 0 2 3
Penalty Kill 4 Players Forward
Center Wing Time % Phy DF OF
1 Casey Cizikas Eetu Luostarinen 50 1 4 0
2 Alexander Wennberg Josh Anderson 50 1 4 0
Penalty Kill 4 Players Defense
Defense Defense Time % Phy DF OF
1 Joel Edmundson Erik Cernak 50 2 3 0
2 Jaccob Slavin Nikita Zaitsev 50 1 4 0
Penalty Kill - 3 Players Forward
Forward Time % Phy DF OF
1 Casey Cizikas 50 1 4 0
2 Alexander Wennberg 50 1 4 0
Penalty Kill - 3 Players Defense
Defense Defense Time % Phy DF OF
1 Joel Edmundson Erik Cernak 50 2 3 0
2 Jaccob Slavin Nikita Zaitsev 50 1 4 0
4 vs 4 Forward
Center Wing Time % Phy DF OF
1 Alexander Wennberg Andre Burakovsky 50 0 2 3
2 Casey Cizikas Josh Anderson 50 0 2 3
4 vs 4 Defense
Defense Defense Time % Phy DF OF
1 Thomas Chabot Jaccob Slavin 50 0 2 3
2 Joel Edmundson Erik Cernak 50 0 3 2
Last Minutes Offensive
Center Left Wing Right Wing Defense Defense
Alexander Wennberg Alexis Lafreniere Andre Burakovsky Thomas Chabot Jaccob Slavin
Last Minutes Defensive
Center Left Wing Right Wing Defense Defense
Casey Cizikas Eetu Luostarinen Josh Anderson Joel Edmundson Erik Cernak
Goaltenders
Starting : Semyon Varlamov
Backup : Anton Forsberg
Extra Forwards
Normal : Andre Burakovsky, Joshua Norris, Alexis Lafreniere - PP : Andre Burakovsky, Taylor Hall - PK : Casey Cizikas
Extra Defensemen
Normal : Jaccob Slavin, Joel Edmundson, Nikita Zaitsev - PP : Thomas Chabot - PK : Jaccob Slavin, Erik Cernak
Penalty Shots
Alexander Wennberg, Andre Burakovsky, T.J. Oshie, Taylor Hall, Josh Anderson
% Time on Ice - Tampa Bay Lightning
Lines # - Real PCT - Wanted PCT - Time Play
Normal Forward
1 - 36% - 40% - 18:32
2 - 31% - 35% - 16:13
3 - 19% - 20% - 9:50
4 - 14% - 5% - 6:59
Normal Defense
1 - 29% - 30% - 15:12
2 - 31% - 30% - 15:44
3 - 27% - 25% - 14:10
4 - 13% - 15% - 6:28
PP Forward
1 - 51% - 50% - 2:02
2 - 49% - 50% - 1:56
PP Defense
1 - 60% - 50% - 2:23
2 - 40% - 50% - 1:35
PK Forward
1 - 46% - 50% - 2:02
2 - 54% - 50% - 2:26
PK Defense
1 - 56% - 50% - 2:29
2 - 44% - 50% - 1:59
PK3 Forward
1 - 0% - 50%
2 - 0% - 50%
PK3 Defense
1 - 0% - 50%
2 - 0% - 50%
44 Forward
1 - 0% - 50%
2 - 0% - 50%
44 Defense
1 - 0% - 50%
2 - 0% - 50%
Last Minute Offensive - 0:00
Last Minute Defensive - 0:00
Total
Forward - 60:00
Defense - 60:00
|
% Time on Ice - Hartford Whalers
Lines # - Real PCT - Wanted PCT - Time Play
Normal Forward
1 - 34% - 35% - 17:19
2 - 29% - 30% - 15:04
3 - 22% - 25% - 11:23
4 - 15% - 10% - 7:48
Normal Defense
1 - 37% - 38% - 19:12
2 - 36% - 37% - 18:44
3 - 26% - 25% - 13:19
4 - 1% - 0% - 0:19
PP Forward
1 - 52% - 50% - 2:19
2 - 48% - 50% - 2:09
PP Defense
1 - 49% - 50% - 2:10
2 - 51% - 50% - 2:18
PK Forward
1 - 41% - 50% - 1:37
2 - 59% - 50% - 2:21
PK Defense
1 - 61% - 50% - 2:26
2 - 39% - 50% - 1:32
PK3 Forward
1 - 0% - 50%
2 - 0% - 50%
PK3 Defense
1 - 0% - 50%
2 - 0% - 50%
44 Forward
1 - 0% - 50%
2 - 0% - 50%
44 Defense
1 - 0% - 50%
2 - 0% - 50%
Last Minute Offensive - 0:00
Last Minute Defensive - 0:00
Total
Forward - 60:00
Defense - 60:00
|
Play-by-Play
1st period
0:01 of 1st period - Alexander Wennberg wins face-off versus Anze Kopitar in neutral zone.
0:26 of 1st period - Logan Couture is hit by Alexis Lafreniere and loses puck.
0:46 of 1st period - Joshua Norris is hit by Logan Couture and loses puck.
1:09 of 1st period - Snap shot by Dylan Cozens.
1:09 of 1st period - Shot Misses the Net.
1:11 of 1st period - Snap shot by Michael Matheson.
1:11 of 1st period - Shot Misses the Net.
2:14 of 1st period - Wrist shot by Dylan Cozens.
2:14 of 1st period - Shot Blocked by Nikita Zaitsev.
2:16 of 1st period - Slapshot by Moritz Seider.
2:16 of 1st period - Shot Blocked by Alexis Lafreniere.
2:18 of 1st period - Slapshot by Darnell Nurse.
2:18 of 1st period - Deflect By Travis Konecny.
2:18 of 1st period - Shot Misses the Net.
2:18 of 1st period - Puck is out of play.
2:19 of 1st period - Anze Kopitar wins face-off versus Casey Cizikas in Hartford Whalers zone.
2:20 of 1st period - Snap shot by Kirill Kaprizov.
2:20 of 1st period - Stopped by Semyon Varlamov with a rebound.
2:23 of 1st period - Icing by Erik Cernak.
2:24 of 1st period - Anze Kopitar wins face-off versus Casey Cizikas in Hartford Whalers zone.
2:29 of 1st period - Wrist shot by Kirill Kaprizov.
2:29 of 1st period - Deflect By Anze Kopitar.
2:29 of 1st period - Shot Misses the Net.
2:29 of 1st period - Puck is out of play.
2:30 of 1st period - Alexander Wennberg wins face-off versus Tomas Hertl in Hartford Whalers zone.
2:30 of 1st period - Alexander Wennberg is hit by Tomas Hertl.
3:31 of 1st period - Slapshot by Mike Hoffman.
3:31 of 1st period - Deflect By Ryan Strome.
3:31 of 1st period - Stopped by Filip Gustavsson with a rebound.
4:00 of 1st period - Moritz Seider is hit by Josh Anderson.
4:11 of 1st period - Icing by Nikita Zaitsev.
4:12 of 1st period - Eetu Luostarinen wins face-off versus Blake Lizotte in Hartford Whalers zone.
4:12 of 1st period - Eetu Luostarinen is hit by Gustav Nyquist.
4:24 of 1st period - Ryan Graves is hit by Ryan Strome and loses puck.
4:41 of 1st period - Snap shot by Kirill Kaprizov.
4:41 of 1st period - Shot Misses the Net.
4:43 of 1st period - Snap shot by Ryan Graves.
4:43 of 1st period - Shot Blocked by Jaccob Slavin.
4:47 of 1st period - Slapshot by Kirill Kaprizov.
4:47 of 1st period - Shot Misses the Net.
4:49 of 1st period - Snap shot by Anze Kopitar.
4:49 of 1st period - Stopped by Semyon Varlamov with a rebound.
4:51 of 1st period - Wrist shot by Johnny Gaudreau.
4:51 of 1st period - Stopped by Semyon Varlamov without a rebound.
4:52 of 1st period - Casey Cizikas wins face-off versus Tomas Hertl in Hartford Whalers zone.
5:17 of 1st period - Joel Edmundson is hit by Johnny Gaudreau and loses puck.
5:59 of 1st period - Snap shot by Joshua Norris.
5:59 of 1st period - Shot Blocked by Ryan Graves.
6:37 of 1st period - Hampus Lindholm is hit by Taylor Hall and loses puck.
6:58 of 1st period - Joel Edmundson is hit by Moritz Seider and loses puck.
7:21 of 1st period - Snap shot by Kirill Kaprizov.
7:21 of 1st period - Shot Misses the Net.
7:23 of 1st period - Snap shot by Michael Matheson.
7:23 of 1st period - Shot Blocked by Joel Edmundson.
7:25 of 1st period - Slapshot by Kirill Kaprizov.
7:25 of 1st period - Stopped by Semyon Varlamov without a rebound.
7:26 of 1st period - Alexander Wennberg wins face-off versus Anze Kopitar in Hartford Whalers zone.
7:33 of 1st period - Slapshot by Kirill Kaprizov.
7:33 of 1st period - Stopped by Semyon Varlamov without a rebound.
7:34 of 1st period - Alexander Wennberg wins face-off versus Anze Kopitar in Hartford Whalers zone.
7:34 of 1st period - Alexander Wennberg is hit by Vladislav Gavrikov.
7:40 of 1st period - Snap shot by T.J. Oshie.
7:40 of 1st period - Shot Misses the Net.
7:42 of 1st period - Slapshot by Nikita Zaitsev.
7:42 of 1st period - Stopped by Filip Gustavsson without a rebound.
7:43 of 1st period - Anze Kopitar wins face-off versus Casey Cizikas in Tampa Bay Lightning zone.
7:52 of 1st period - Wrist shot by Johnny Gaudreau.
7:52 of 1st period - Deflect By Anze Kopitar.
7:52 of 1st period - Shot Misses the Net.
7:52 of 1st period - Puck is out of play.
7:53 of 1st period - Casey Cizikas wins face-off versus Anze Kopitar in Hartford Whalers zone.
8:12 of 1st period - Johnny Gaudreau is hit by Casey Cizikas.
8:52 of 1st period - Snap shot by Kirill Kaprizov.
8:52 of 1st period - Stopped by Semyon Varlamov with a rebound.
8:54 of 1st period - Wrist shot by Moritz Seider.
8:54 of 1st period - Deflect By Anze Kopitar.
8:54 of 1st period - Stopped by Semyon Varlamov with a rebound.
8:56 of 1st period - Slapshot by Johnny Gaudreau.
8:56 of 1st period - Deflect By Kirill Kaprizov.
8:56 of 1st period - Stopped by Semyon Varlamov without a rebound.
8:57 of 1st period - Logan Couture wins face-off versus Alexander Wennberg in Hartford Whalers zone.
8:58 of 1st period - Snap shot by Dylan Cozens.
8:58 of 1st period - Stopped by Semyon Varlamov without a rebound.
8:59 of 1st period - Alexander Wennberg wins face-off versus Logan Couture in Hartford Whalers zone.
9:03 of 1st period - Off-side.
9:04 of 1st period - Logan Couture wins face-off versus Alexander Wennberg in neutral zone.
9:41 of 1st period - Wrist shot by Andre Burakovsky.
9:41 of 1st period - Stopped by Filip Gustavsson with a rebound.
9:59 of 1st period - Slapshot by Josh Anderson.
9:59 of 1st period - Stopped by Filip Gustavsson with a rebound.
10:17 of 1st period - Backhand shot by T.J. Oshie.
10:17 of 1st period - Stopped by Filip Gustavsson with a rebound.
10:58 of 1st period - Moritz Seider is hit by Erik Cernak and loses puck.
11:09 of 1st period - Alexis Lafreniere is hit by Michael Matheson and loses puck.
11:47 of 1st period - Ryan Graves is hit by Taylor Hall and loses puck.
12:11 of 1st period - Off-side.
12:12 of 1st period - Logan Couture wins face-off versus Joshua Norris in neutral zone.
12:18 of 1st period - Icing by Jaccob Slavin.
12:19 of 1st period - Joshua Norris wins face-off versus Logan Couture in Hartford Whalers zone.
12:28 of 1st period - Backhand shot by Dylan Cozens.
12:28 of 1st period - Shot Blocked by Jaccob Slavin.
12:58 of 1st period - Andre Burakovsky is hit by Travis Konecny and loses puck.
13:25 of 1st period - Dylan Cozens is hit by Joshua Norris and loses puck.
13:38 of 1st period - Snap shot by Logan Couture.
13:38 of 1st period - Shot Misses the Net.
13:43 of 1st period - Off-side.
13:44 of 1st period - Anze Kopitar wins face-off versus Alexander Wennberg in neutral zone.
13:55 of 1st period - Wrist shot by Kirill Kaprizov.
13:55 of 1st period - Shot Misses the Net.
13:57 of 1st period - Snap shot by Anze Kopitar.
13:57 of 1st period - Stopped by Semyon Varlamov with a rebound.
13:59 of 1st period - Slapshot by Michael Matheson.
13:59 of 1st period - Shot Blocked by Joel Edmundson.
14:26 of 1st period - Minor Penalty to Alexander Wennberg for Hooking.
14:27 of 1st period - Casey Cizikas wins face-off versus Kirill Kaprizov in Hartford Whalers zone.
14:41 of 1st period - Slapshot by Anze Kopitar.
14:41 of 1st period - Stopped by Semyon Varlamov with a rebound.
14:43 of 1st period - Slapshot by Ryan Graves.
14:43 of 1st period - Shot Blocked by Eetu Luostarinen.
16:01 of 1st period - Icing by Johnny Gaudreau.
16:02 of 1st period - Alexis Lafreniere wins face-off versus Logan Couture in Tampa Bay Lightning zone.
16:26 of 1st period - Penalty to Alexander Wennberg is over, Alexander Wennberg is back on ice.
17:00 of 1st period - Icing by Hampus Lindholm.
17:01 of 1st period - Tyler Toffoli wins face-off versus Joshua Norris in Tampa Bay Lightning zone.
17:22 of 1st period - Hampus Lindholm is hit by Nikita Zaitsev and loses puck.
17:39 of 1st period - Snap shot by Tyler Toffoli.
17:39 of 1st period - Shot Misses the Net.
17:41 of 1st period - Snap shot by Roope Hintz.
17:41 of 1st period - Deflect By Olli Maatta.
17:41 of 1st period - Stopped by Semyon Varlamov without a rebound.
17:42 of 1st period - Alexander Wennberg wins face-off versus Anze Kopitar in Hartford Whalers zone.
17:52 of 1st period - Off-side.
17:53 of 1st period - Alexander Wennberg wins face-off versus Anze Kopitar in neutral zone.
18:02 of 1st period - Snap shot by Taylor Hall.
18:02 of 1st period - Shot Blocked by Michael Matheson.
18:04 of 1st period - Snap shot by Alexander Wennberg.
18:04 of 1st period - Stopped by Filip Gustavsson without a rebound.
18:05 of 1st period - Anze Kopitar wins face-off versus Alexander Wennberg in Tampa Bay Lightning zone.
18:10 of 1st period - Snap shot by Johnny Gaudreau.
18:10 of 1st period - Stopped by Semyon Varlamov with a rebound.
18:16 of 1st period - Slapshot by Alexander Wennberg.
18:16 of 1st period - Stopped by Filip Gustavsson with a rebound.
18:18 of 1st period - Slapshot by Joel Edmundson.
18:18 of 1st period - Stopped by Filip Gustavsson without a rebound.
18:19 of 1st period - Anze Kopitar wins face-off versus Casey Cizikas in Tampa Bay Lightning zone.
18:30 of 1st period - Slapshot by Anze Kopitar.
18:30 of 1st period - Deflect By Kirill Kaprizov.
18:30 of 1st period - Shot Misses the Net.
18:30 of 1st period - Puck is out of play.
18:31 of 1st period - Alexander Wennberg wins face-off versus Anze Kopitar in Hartford Whalers zone.
18:36 of 1st period - Snap shot by Alexander Wennberg.
18:36 of 1st period - Shot Misses the Net.
18:38 of 1st period - Slapshot by Erik Cernak.
18:38 of 1st period - Shot Misses the Net.
18:40 of 1st period - Snap shot by Erik Cernak.
18:40 of 1st period - Shot Blocked by Darnell Nurse.
18:42 of 1st period - Snap shot by T.J. Oshie.
18:42 of 1st period - Shot Blocked by Anze Kopitar.
19:19 of 1st period - Vladislav Gavrikov is hit by Alexis Lafreniere and loses puck.
19:48 of 1st period - Alexander Wennberg is hit by Anze Kopitar and loses puck.
Goals for this period are 0 for Tampa Bay Lightning vs 0 for Hartford Whalers.
Shots for this period are 13 for Tampa Bay Lightning vs 8 for Hartford Whalers.
2nd period
0:01 of 2nd period - Alexander Wennberg wins face-off versus Logan Couture in neutral zone.
0:15 of 2nd period - Snap shot by Taylor Hall.
0:15 of 2nd period - Stopped by Filip Gustavsson without a rebound.
0:15 of 2nd period - T.J. Oshie and Dylan Cozens fight to a draw.
0:15 of 2nd period - Penalty to T.J. Oshie for Fighting.
0:15 of 2nd period - Penalty to Dylan Cozens for Fighting.
0:16 of 2nd period - Alexander Wennberg wins face-off versus Anze Kopitar in Tampa Bay Lightning zone.
0:49 of 2nd period - Wrist shot by Trevor Moore.
0:49 of 2nd period - Stopped by Semyon Varlamov with a rebound.
1:07 of 2nd period - Wrist shot by Roope Hintz.
1:07 of 2nd period - Shot Misses the Net.
1:09 of 2nd period - Slapshot by Ryan Graves.
1:09 of 2nd period - Shot Blocked by Josh Anderson.
1:25 of 2nd period - Ryan Graves is hit by Andre Burakovsky and loses puck.
1:30 of 2nd period - Wrist shot by Taylor Hall.
1:30 of 2nd period - Deflect By Alexander Wennberg.
1:30 of 2nd period - Stopped by Filip Gustavsson without a rebound.
1:31 of 2nd period - Logan Couture wins face-off versus Alexander Wennberg in Tampa Bay Lightning zone.
1:31 of 2nd period - Logan Couture is hit by Alexander Wennberg.
1:53 of 2nd period - Minor Penalty to Hampus Lindholm for Hooking.
1:54 of 2nd period - Logan Couture wins face-off versus Alexander Wennberg in Tampa Bay Lightning zone.
3:23 of 2nd period - Thomas Chabot is hit by Anze Kopitar and loses puck.
3:36 of 2nd period - Jaccob Slavin is hit by Trevor Moore and loses puck.
3:53 of 2nd period - Penalty to Hampus Lindholm is over, Hampus Lindholm is back on ice.
4:11 of 2nd period - Ryan Strome is hit by Hampus Lindholm and loses puck.
4:46 of 2nd period - Slapshot by Darnell Nurse.
4:46 of 2nd period - Shot Misses the Net.
4:48 of 2nd period - Wrist shot by Blake Lizotte.
4:48 of 2nd period - Shot Misses the Net.
4:50 of 2nd period - Slapshot by Vladislav Gavrikov.
4:50 of 2nd period - Stopped by Semyon Varlamov with a rebound.
5:09 of 2nd period - Icing by Mike Hoffman.
5:10 of 2nd period - Tomas Hertl wins face-off versus Ryan Strome in Hartford Whalers zone.
5:21 of 2nd period - Ryan Graves is hit by Marcus Foligno.
6:04 of 2nd period - Slapshot by Casey Cizikas.
6:04 of 2nd period - Shot Misses the Net.
6:06 of 2nd period - Slapshot by Joel Edmundson.
6:06 of 2nd period - Shot Blocked by Michael Matheson.
6:08 of 2nd period - Snap shot by Josh Anderson.
6:08 of 2nd period - Shot Misses the Net.
6:20 of 2nd period - Wrist shot by Johnny Gaudreau.
6:20 of 2nd period - Stopped by Semyon Varlamov with a rebound.
6:28 of 2nd period - Dylan Cozens is hit by Alexis Lafreniere and loses puck.
7:36 of 2nd period - T.J. Oshie is hit by Moritz Seider.
8:23 of 2nd period - Alexis Lafreniere is hit by Moritz Seider and loses puck.
8:41 of 2nd period - Moritz Seider is hit by T.J. Oshie and loses puck.
9:05 of 2nd period - Tomas Hertl is hit by Josh Anderson and loses puck.
10:30 of 2nd period - Trevor Moore is hit by Olli Maatta and loses puck.
10:58 of 2nd period - Minor Penalty to Darnell Nurse for Charging.
10:59 of 2nd period - Dylan Cozens wins face-off versus Alexander Wennberg in Tampa Bay Lightning zone.
11:32 of 2nd period - Wrist shot by Alexis Lafreniere.
11:32 of 2nd period - Goal by Alexis Lafreniere - Tampa Bay Lightning : 0 - Hartford Whalers : 1.
11:33 of 2nd period - Anze Kopitar wins face-off versus Alexander Wennberg in neutral zone.
11:45 of 2nd period - Wrist shot by Anze Kopitar.
11:45 of 2nd period - Shot Blocked by Thomas Chabot.
11:47 of 2nd period - Snap shot by Johnny Gaudreau.
11:47 of 2nd period - Goal by Johnny Gaudreau - Tampa Bay Lightning : 1 - Hartford Whalers : 1.
11:48 of 2nd period - Alexander Wennberg wins face-off versus Anze Kopitar in neutral zone.
11:51 of 2nd period - Wrist shot by T.J. Oshie.
11:51 of 2nd period - Shot Misses the Net.
11:53 of 2nd period - Wrist shot by Taylor Hall.
11:53 of 2nd period - Shot Misses the Net.
11:55 of 2nd period - Wrist shot by Taylor Hall.
11:55 of 2nd period - Stopped by Filip Gustavsson without a rebound.
11:56 of 2nd period - Alexander Wennberg wins face-off versus Anze Kopitar in Tampa Bay Lightning zone.
11:59 of 2nd period - Snap shot by T.J. Oshie.
11:59 of 2nd period - Stopped by Filip Gustavsson without a rebound.
12:00 of 2nd period - Anze Kopitar wins face-off versus Joshua Norris in Tampa Bay Lightning zone.
12:00 of 2nd period - Anze Kopitar is hit by Joshua Norris.
12:16 of 2nd period - Thomas Chabot is hit by Darnell Nurse and loses puck.
12:31 of 2nd period - Snap shot by Alexander Wennberg.
12:31 of 2nd period - Shot Blocked by Darnell Nurse.
12:33 of 2nd period - Wrist shot by T.J. Oshie.
12:33 of 2nd period - Stopped by Filip Gustavsson without a rebound.
12:34 of 2nd period - Alexander Wennberg wins face-off versus Logan Couture in Tampa Bay Lightning zone.
13:01 of 2nd period - Taylor Hall is hit by Tomas Hertl and loses puck.
13:14 of 2nd period - Snap shot by Tyler Toffoli.
13:14 of 2nd period - Stopped by Semyon Varlamov without a rebound.
13:15 of 2nd period - Anze Kopitar wins face-off versus Joshua Norris in Hartford Whalers zone.
13:32 of 2nd period - Wrist shot by Kirill Kaprizov.
13:32 of 2nd period - Stopped by Semyon Varlamov without a rebound.
13:33 of 2nd period - Logan Couture wins face-off versus Casey Cizikas in Hartford Whalers zone.
14:00 of 2nd period - Kirill Kaprizov is hit by Andre Burakovsky.
14:08 of 2nd period - Wrist shot by Andre Burakovsky.
14:08 of 2nd period - Shot Misses the Net.
14:10 of 2nd period - Backhand shot by Alexis Lafreniere.
14:10 of 2nd period - Shot Misses the Net.
15:12 of 2nd period - Snap shot by Joshua Norris.
15:12 of 2nd period - Deflect By Moritz Seider.
15:12 of 2nd period - Stopped by Filip Gustavsson without a rebound.
15:13 of 2nd period - Anze Kopitar wins face-off versus Casey Cizikas in Tampa Bay Lightning zone.
15:42 of 2nd period - Wrist shot by Logan Couture.
15:42 of 2nd period - Stopped by Semyon Varlamov with a rebound.
15:44 of 2nd period - Snap shot by Logan Couture.
15:44 of 2nd period - Deflect By Dylan Cozens.
15:44 of 2nd period - Deflect By Thomas Chabot.
15:44 of 2nd period - Shot Misses the Net.
15:44 of 2nd period - Puck is out of play.
15:45 of 2nd period - Joshua Norris wins face-off versus Logan Couture in Hartford Whalers zone.
15:50 of 2nd period - Snap shot by Alexis Lafreniere.
15:50 of 2nd period - Shot Misses the Net.
15:52 of 2nd period - Slapshot by Erik Cernak.
15:52 of 2nd period - Stopped by Filip Gustavsson without a rebound.
15:53 of 2nd period - Alexander Wennberg wins face-off versus Logan Couture in Tampa Bay Lightning zone.
16:46 of 2nd period - Slapshot by Tyler Toffoli.
16:46 of 2nd period - Shot Misses the Net.
17:06 of 2nd period - Snap shot by Mike Hoffman.
17:06 of 2nd period - Shot Misses the Net.
17:10 of 2nd period - Snap shot by Mike Hoffman.
17:10 of 2nd period - Shot Misses the Net.
17:12 of 2nd period - Snap shot by Marcus Foligno.
17:12 of 2nd period - Shot Blocked by Ryan Graves.
17:14 of 2nd period - Snap shot by Marcus Foligno.
17:14 of 2nd period - Goal by Marcus Foligno - Tampa Bay Lightning : 1 - Hartford Whalers : 2.
17:15 of 2nd period - Anze Kopitar wins face-off versus Alexander Wennberg in neutral zone.
17:26 of 2nd period - Wrist shot by T.J. Oshie.
17:26 of 2nd period - Stopped by Filip Gustavsson with a rebound.
17:28 of 2nd period - Snap shot by Alexander Wennberg.
17:28 of 2nd period - Stopped by Filip Gustavsson without a rebound.
17:29 of 2nd period - Anze Kopitar wins face-off versus Casey Cizikas in Tampa Bay Lightning zone.
17:40 of 2nd period - Backhand shot by Kirill Kaprizov.
17:40 of 2nd period - Shot Misses the Net.
17:42 of 2nd period - Slapshot by Hampus Lindholm.
17:42 of 2nd period - Stopped by Semyon Varlamov with a rebound.
17:44 of 2nd period - Wrist shot by Kirill Kaprizov.
17:44 of 2nd period - Deflect By Johnny Gaudreau.
17:44 of 2nd period - Stopped by Semyon Varlamov without a rebound.
17:45 of 2nd period - Logan Couture wins face-off versus Alexander Wennberg in Hartford Whalers zone.
18:39 of 2nd period - Roope Hintz is hit by Josh Anderson and loses puck.
19:00 of 2nd period - Ryan Strome is hit by Hampus Lindholm and loses puck.
19:29 of 2nd period - Slapshot by Michael Matheson.
19:29 of 2nd period - Shot Misses the Net.
19:41 of 2nd period - Snap shot by Johnny Gaudreau.
19:41 of 2nd period - Stopped by Semyon Varlamov with a rebound.
19:51 of 2nd period - Snap shot by Andre Burakovsky.
19:51 of 2nd period - Shot Misses the Net.
Goals for this period are 1 for Tampa Bay Lightning vs 2 for Hartford Whalers.
Shots for this period are 10 for Tampa Bay Lightning vs 11 for Hartford Whalers.
3rd period
0:01 of 3rd period - Johnny Gaudreau wins face-off versus T.J. Oshie in neutral zone.
0:23 of 3rd period - Icing by Alexander Wennberg.
0:24 of 3rd period - Alexander Wennberg wins face-off versus Logan Couture in Hartford Whalers zone.
0:37 of 3rd period - Snap shot by Travis Konecny.
0:37 of 3rd period - Shot Misses the Net.
0:39 of 3rd period - Wrist shot by Darnell Nurse.
0:39 of 3rd period - Stopped by Semyon Varlamov without a rebound.
0:40 of 3rd period - Alexander Wennberg wins face-off versus Anze Kopitar in Hartford Whalers zone.
1:21 of 3rd period - Wrist shot by Andre Burakovsky.
1:21 of 3rd period - Stopped by Filip Gustavsson with a rebound.
1:26 of 3rd period - Off-side.
1:27 of 3rd period - Dylan Cozens wins face-off versus Casey Cizikas in neutral zone.
2:26 of 3rd period - Wrist shot by Travis Konecny.
2:26 of 3rd period - Shot Misses the Net.
2:28 of 3rd period - Slapshot by Darnell Nurse.
2:28 of 3rd period - Shot Blocked by T.J. Oshie.
2:30 of 3rd period - Slapshot by Moritz Seider.
2:30 of 3rd period - Shot Misses the Net.
2:32 of 3rd period - Slapshot by Moritz Seider.
2:32 of 3rd period - Shot Misses the Net.
2:34 of 3rd period - Wrist shot by Logan Couture.
2:34 of 3rd period - Shot Misses the Net.
2:36 of 3rd period - Slapshot by Moritz Seider.
2:36 of 3rd period - Stopped by Semyon Varlamov without a rebound.
2:37 of 3rd period - Anze Kopitar wins face-off versus Casey Cizikas in Hartford Whalers zone.
3:02 of 3rd period - Thomas Chabot is hit by Tyler Toffoli and loses puck.
4:06 of 3rd period - Icing by Casey Cizikas.
4:07 of 3rd period - Casey Cizikas wins face-off versus Tomas Hertl in Hartford Whalers zone.
4:12 of 3rd period - Tomas Hertl is hit by Josh Anderson and loses puck.
4:17 of 3rd period - Snap shot by Eetu Luostarinen.
4:17 of 3rd period - Stopped by Filip Gustavsson with a rebound.
4:19 of 3rd period - Slapshot by Olli Maatta.
4:19 of 3rd period - Shot Blocked by Tomas Hertl.
4:31 of 3rd period - Wrist shot by Casey Cizikas.
4:31 of 3rd period - Shot Misses the Net.
4:33 of 3rd period - Slapshot by Olli Maatta.
4:33 of 3rd period - Stopped by Filip Gustavsson with a rebound.
4:35 of 3rd period - Snap shot by Josh Anderson.
4:35 of 3rd period - Shot Blocked by Hampus Lindholm.
4:37 of 3rd period - Slapshot by Josh Anderson.
4:37 of 3rd period - Deflect By Tomas Hertl.
4:37 of 3rd period - Stopped by Filip Gustavsson with a rebound.
4:39 of 3rd period - Wrist shot by Casey Cizikas.
4:39 of 3rd period - Stopped by Filip Gustavsson with a rebound.
4:41 of 3rd period - Snap shot by Casey Cizikas.
4:41 of 3rd period - Stopped by Filip Gustavsson without a rebound.
4:42 of 3rd period - Anze Kopitar wins face-off versus Alexander Wennberg in Tampa Bay Lightning zone.
5:08 of 3rd period - Joshua Norris is hit by Moritz Seider and loses puck.
5:33 of 3rd period - Wrist shot by Roope Hintz.
5:33 of 3rd period - Shot Misses the Net.
5:57 of 3rd period - T.J. Oshie is hit by Hampus Lindholm and loses puck.
6:26 of 3rd period - Thomas Chabot is hit by Dylan Cozens and loses puck.
7:08 of 3rd period - Off-side.
7:09 of 3rd period - Alexander Wennberg wins face-off versus Anze Kopitar in neutral zone.
7:11 of 3rd period - Minor Penalty to Nikita Zaitsev for Tripping.
7:12 of 3rd period - Casey Cizikas wins face-off versus Logan Couture in Hartford Whalers zone.
7:17 of 3rd period - Johnny Gaudreau is hit by Eetu Luostarinen and loses puck.
7:38 of 3rd period - Erik Cernak is hit by Roope Hintz and loses puck.
7:51 of 3rd period - Snap shot by Roope Hintz.
7:51 of 3rd period - Deflect By Kirill Kaprizov.
7:51 of 3rd period - Shot Misses the Net.
7:51 of 3rd period - Puck is out of play.
7:52 of 3rd period - Casey Cizikas wins face-off versus Travis Konecny in Hartford Whalers zone.
8:23 of 3rd period - Snap shot by Roope Hintz.
8:23 of 3rd period - Shot Misses the Net.
9:11 of 3rd period - Penalty to Nikita Zaitsev is over, Nikita Zaitsev is back on ice.
9:24 of 3rd period - Gustav Nyquist is hit by Marcus Foligno and loses puck.
9:47 of 3rd period - Jaccob Slavin is hit by Roope Hintz and loses puck.
10:33 of 3rd period - Wrist shot by Alexander Wennberg.
10:33 of 3rd period - Shot Misses the Net.
10:35 of 3rd period - Slapshot by Alexander Wennberg.
10:35 of 3rd period - Stopped by Filip Gustavsson without a rebound.
10:36 of 3rd period - Alexander Wennberg wins face-off versus Blake Lizotte in Tampa Bay Lightning zone.
11:14 of 3rd period - Snap shot by Blake Lizotte.
11:14 of 3rd period - Shot Blocked by Taylor Hall.
11:21 of 3rd period - Icing by Alexander Wennberg.
11:22 of 3rd period - Anze Kopitar wins face-off versus Alexander Wennberg in Hartford Whalers zone.
12:13 of 3rd period - Wrist shot by Eetu Luostarinen.
12:13 of 3rd period - Deflect By Josh Anderson.
12:13 of 3rd period - Stopped by Filip Gustavsson with a rebound.
12:15 of 3rd period - Slapshot by Josh Anderson.
12:15 of 3rd period - Stopped by Filip Gustavsson with a rebound.
12:17 of 3rd period - Wrist shot by Josh Anderson.
12:17 of 3rd period - Goal by Josh Anderson - Tampa Bay Lightning : 1 - Hartford Whalers : 3.
12:18 of 3rd period - Anze Kopitar wins face-off versus Joshua Norris in neutral zone.
12:50 of 3rd period - Wrist shot by Eetu Luostarinen.
12:50 of 3rd period - Shot Misses the Net.
12:52 of 3rd period - Slapshot by Eetu Luostarinen.
12:52 of 3rd period - Goal by Eetu Luostarinen - Tampa Bay Lightning : 1 - Hartford Whalers : 4.
12:53 of 3rd period - Anze Kopitar wins face-off versus Alexander Wennberg in neutral zone.
13:05 of 3rd period - Anze Kopitar is hit by Joel Edmundson and loses puck.
13:18 of 3rd period - Logan Couture is hit by Andre Burakovsky and loses puck.
13:33 of 3rd period - Minor Penalty to Travis Konecny for Interference.
13:34 of 3rd period - Logan Couture wins face-off versus Joshua Norris in Tampa Bay Lightning zone.
14:06 of 3rd period - Snap shot by Alexis Lafreniere.
14:06 of 3rd period - Stopped by Filip Gustavsson with a rebound.
14:08 of 3rd period - Slapshot by Nikita Zaitsev.
14:08 of 3rd period - Goal by Nikita Zaitsev - Tampa Bay Lightning : 1 - Hartford Whalers : 5.
14:09 of 3rd period - Anze Kopitar wins face-off versus Alexander Wennberg in neutral zone.
14:26 of 3rd period - Snap shot by Kirill Kaprizov.
14:26 of 3rd period - Deflect By T.J. Oshie.
14:26 of 3rd period - Stopped by Semyon Varlamov with a rebound.
14:45 of 3rd period - Wrist shot by Eetu Luostarinen.
14:45 of 3rd period - Shot Blocked by Darnell Nurse.
14:57 of 3rd period - Snap shot by Andre Burakovsky.
14:57 of 3rd period - Stopped by Filip Gustavsson with a rebound.
15:22 of 3rd period - Icing by Jaccob Slavin.
15:23 of 3rd period - Ryan Strome wins face-off versus Anze Kopitar in Hartford Whalers zone.
15:23 of 3rd period - Ryan Strome is hit by Vladislav Gavrikov.
15:49 of 3rd period - Taylor Hall is hit by Travis Konecny and loses puck.
15:58 of 3rd period - Snap shot by T.J. Oshie.
15:58 of 3rd period - Deflect By Travis Konecny.
15:58 of 3rd period - Stopped by Filip Gustavsson without a rebound.
15:59 of 3rd period - Anze Kopitar wins face-off versus Casey Cizikas in Tampa Bay Lightning zone.
16:04 of 3rd period - Snap shot by Kirill Kaprizov.
16:04 of 3rd period - Stopped by Semyon Varlamov without a rebound.
16:05 of 3rd period - Anze Kopitar wins face-off versus Casey Cizikas in Hartford Whalers zone.
16:43 of 3rd period - Slapshot by Dylan Cozens.
16:43 of 3rd period - Stopped by Semyon Varlamov without a rebound.
16:44 of 3rd period - Tomas Hertl wins face-off versus Joshua Norris in Hartford Whalers zone.
16:45 of 3rd period - Slapshot by Roope Hintz.
16:45 of 3rd period - Stopped by Semyon Varlamov without a rebound.
16:46 of 3rd period - Tomas Hertl wins face-off versus Joshua Norris in Hartford Whalers zone.
16:57 of 3rd period - Wrist shot by Roope Hintz.
16:57 of 3rd period - Shot Misses the Net.
16:59 of 3rd period - Wrist shot by Tyler Toffoli.
16:59 of 3rd period - Stopped by Semyon Varlamov with a rebound.
17:01 of 3rd period - Snap shot by Michael Matheson.
17:01 of 3rd period - Shot Misses the Net.
17:19 of 3rd period - Wrist shot by T.J. Oshie.
17:19 of 3rd period - Stopped by Filip Gustavsson without a rebound.
17:20 of 3rd period - Anze Kopitar wins face-off versus Alexander Wennberg in Tampa Bay Lightning zone.
17:27 of 3rd period - Wrist shot by Kirill Kaprizov.
17:27 of 3rd period - Shot Blocked by T.J. Oshie.
17:31 of 3rd period - Snap shot by Anze Kopitar.
17:31 of 3rd period - Stopped by Semyon Varlamov without a rebound.
17:32 of 3rd period - Joshua Norris wins face-off versus Anze Kopitar in Hartford Whalers zone.
17:49 of 3rd period - Slapshot by Johnny Gaudreau.
17:49 of 3rd period - Shot Misses the Net.
18:20 of 3rd period - Snap shot by Andre Burakovsky.
18:20 of 3rd period - Shot Misses the Net.
18:22 of 3rd period - Wrist shot by Joshua Norris.
18:22 of 3rd period - Stopped by Filip Gustavsson with a rebound.
18:24 of 3rd period - Snap shot by Andre Burakovsky.
18:24 of 3rd period - Stopped by Filip Gustavsson without a rebound.
18:25 of 3rd period - Alexander Wennberg wins face-off versus Logan Couture in Tampa Bay Lightning zone.
18:26 of 3rd period - Snap shot by Taylor Hall.
18:26 of 3rd period - Deflect By T.J. Oshie.
18:26 of 3rd period - Stopped by Filip Gustavsson with a rebound.
18:39 of 3rd period - Minor Penalty to Darnell Nurse for Holding.
18:40 of 3rd period - Logan Couture wins face-off versus Alexander Wennberg in Tampa Bay Lightning zone.
18:52 of 3rd period - Wrist shot by Taylor Hall.
18:52 of 3rd period - Stopped by Filip Gustavsson with a rebound.
19:04 of 3rd period - Alexander Wennberg is hit by Gustav Nyquist and loses puck.
Goals for this period are 0 for Tampa Bay Lightning vs 3 for Hartford Whalers.
Shots for this period are 8 for Tampa Bay Lightning vs 20 for Hartford Whalers.
Back to the Top